 Dungeon Crawl Stone Soup version 0.23.2-1-ga50397a (webtiles) character file.

Game seed: 6663126594067046009

79 MalarOregon the Ruffian (level 4, -3/38 HPs)
             Began as a Ghoul Gladiator on June 3, 2019.
             Slain by a gnoll
             ... wielding a +0 halberd
              (10 damage)
             ... on level 2 of the Dungeon.
             The game lasted 00:03:50 (1271 turns).

MalarOregon the Ruffian (Ghoul Gladiator)           Turns: 1271, Time: 00:03:51

Health: -3/38      AC:  4    Str: 17    XL:     4   Next: 38%
Magic:  3/3        EV: 12    Int:  3    God:
Gold:   101        SH:  0    Dex: 11    Spells: 3/3 levels left

rFire    . . .     SeeInvis .     - Unarmed
rCold    + . .     Gourm    .   (no shield)
rNeg     + + +     Faith    .   a - +0 leather armour
rPois    ∞         Spirit   .   b - +0 helmet
rElec    .         Reflect  .   (no cloak)
rCorr    .         Harm     .   (no gloves)
MR       .....     Rnd*Tele +   (no boots)
Stlth    +.........             (no amulet)
HPRegen  0.00/turn              k - ring of teleportation (curse)
MPRegen  0.08/turn              f - ring of wizardry

@: rotting
A: rotting body, claws 1, carnivore, cold resistance 1, negative energy
resistance 3, inhibited regeneration, torment resistance, unbreathing
a: no special abilities


You were on level 2 of the Dungeon.
You were not hungry.

You visited 1 branch of the dungeon, and saw 2 of its levels.

You collected 101 gold pieces.

Inventory:

Missiles
 c - 3 throwing nets (quivered) {!f}
 g - 21 poisoned needles
 j - 7 tomahawks
Armour
 a - a +0 leather armour (worn)
 b - a +0 helmet (worn)
Jewellery
 f - a ring of wizardry (right claw)
   (You found it on level 1 of the Dungeon)
 k - a cursed ring of teleportation (left claw)
   (You found it on level 1 of the Dungeon)
Scrolls
 d - a scroll of immolation {unknown}
 m - a scroll of teleportation {unknown}
 n - a scroll of blinking {unknown}
Potions
 i - a potion of haste {unknown}
 l - a potion of resistance {unknown}
Comestibles
 e - 5 rations {!d}
 h - 10 chunks of flesh


   Skills:
 + Level 3.0 Fighting
 + Level 2.5 Throwing
 + Level 3.2 Dodging
 + Level 3.9 Unarmed Combat


You had 3 spell levels left.
You didn't know any spells.
Your spell library was empty.

Dungeon Overview and Level Annotations

Branches:
Dungeon (2/15)

Altars:
Gozag


Innate Abilities, Weirdness & Mutations

Your body is rotting away.
You thrive on raw meat.
You are immune to poison.
You have sharp fingernails.
You are carnivorous and can eat meat at any time.
Your flesh is cold resistant. (rC+)
You are immune to negative energy. (rN+++)
You do not regenerate when monsters are visible.
You are immune to unholy pain and torment.
You can survive without breathing.


Message History

A rat is nearby!
The rat closely misses you.
You claw the rat!
You kill the rat!
No target in view!
You butcher the rat corpse.
h - 10 chunks of flesh (gained 1)
You see here a rat skeleton. x2
A goblin comes into view.
The goblin shouts!
A goblin is nearby!
A goblin is nearby!
A gnoll comes into view. It is wielding a +0 whip.
The goblin barely misses you.
You scratch the goblin but do no damage.
The goblin barely misses you.
You claw the goblin!
You kill the goblin!
A gnoll comes into view. It is wielding a +0 whip.
The gnoll shouts!
You hear a shout!
You closely miss the gnoll. The gnoll closely misses you.
You closely miss the gnoll. The gnoll completely misses you.
You scratch the gnoll but do no damage. The gnoll closely misses you.
You scratch the gnoll.
A gnoll comes into view. It is wielding a +0 halberd.
You barely miss the gnoll. The gnoll hits you with a +0 whip.
You scratch the gnoll. The gnoll barely misses you.
You scratch the gnoll.
You kill the gnoll!
Your Fighting skill increases to level 3!
You closely miss the gnoll. The gnoll barely misses you.
You claw the gnoll! The gnoll completely misses you.
You claw the gnoll!
You kill the gnoll!
The gnoll barely misses you.
Things that are here:
a +0 whip x2; a gnoll corpse You barely miss the gnoll.
The gnoll hits you with a +0 halberd.
You claw the gnoll! The gnoll hits you with a +0 halberd!
* * * LOW HITPOINT WARNING * * *
You closely miss the gnoll. The gnoll barely misses you.
You closely miss the gnoll. You barely miss the gnoll.
The gnoll hits you with a +0 halberd.
* * * LOW HITPOINT WARNING * * *
You closely miss the gnoll. The gnoll closely misses you.
You scratch the gnoll. The gnoll hits you with a +0 halberd.
* * * LOW HITPOINT WARNING * * *
You scratch the gnoll. You scratch the gnoll but do no damage.
The gnoll hits you with a +0 halberd!
You die...

#.# #.# #.###.##
#.##...#########.#
#.<..............#
####...###.#####.
##### #.# #.#
..#########.#
......g@....#
.############ ###
..#


You could see a gnoll.

Vanquished Creatures
  2 gnolls (D:2)
  2 adders (D:2)
  2 dart slugs (D:1)
  A leopard gecko (D:1)
  2 giant cockroaches (D:1)
  6 hobgoblins
  A ball python (D:1)
  5 bats
  2 frilled lizards (D:1)
  9 goblins
  4 kobolds
  4 rats
40 creatures vanquished.

Notes
Turn   | Place    | Note
-------+----------+-------------------------------------------
     0 | D:1      | MalarOregon the Ghoul Gladiator began the quest for the
                  | Orb.
     0 | D:1      | Reached XP level 1. HP: 17/17 MP: 0/0
   274 | D:1      | Reached XP level 2. HP: 22/25 MP: 1/1
   610 | D:1      | Reached XP level 3. HP: 21/30 MP: 2/2
  1154 | D:2      | Found an opulent altar of Gozag.
  1172 | D:2      | Reached XP level 4. HP: 23/37 MP: 3/3
  1271 | D:2      | Slain by a gnoll

Skill      XL: |  1  2  3  4 |
---------------+-------------+-----
Throwing       | 2 |  2.5
Dodging        | 3 |  3.2
Fighting       | 3 |  3.0
Unarmed Combat | |  3.9

Action                   |  1- 3 |  4- 6 || total
-------------------------+-------+-------++-------
Melee: Unarmed           |   124 |    22 ||   146
       Punch             |     3 |       ||     3
  Eat: Chunk             |     1 |     1 ||     2
Armor: Leather armour    |    37 |       ||    37
Dodge: Dodged            |    71 |    12 ||    83
